Cogmind - Beta 11.1 @@@ ROGUE MODE // 2022.06.05 @ 21:11:41 Player: Candesce Result: Self-destructed Performance ------------- Evolutions (5) 2500 Regions Visited (17) 3400 Robots Destroyed (127) 635 Value Destroyed (5234) 5234 Prototype IDs (60) 1200 Alien Tech Used (1) 200 Bonus (4543) 4543 TOTAL SCORE: 17712 Bonus ------- High Alert Combat Kills 518 Follower Combat Kills 1611 Aligned with FarCom 300 Met Data Miner 300 Met Warlord at Base 500 MAIN.C Attacked Warlord 500 Warlord Defense Kills 898 Friendly Fire -84 Cogmind --------- Core Integrity 659/1000 Matter 300/300 Energy 77/325 System Corruption 0% Temperature Cool (32) Movement Walking (112) Location -4/Proximity Caves Parts ------- > --- POWER (2) -------- Antimatter Reactor > --- PROPULSION (6) --- Flexi-carbon Leg Flexi-carbon Leg Flexi-carbon Leg Flexi-carbon Leg Experimental Myomer Leg > --- UTILITY (7) ------ Improved Cooling System Advanced Cooling System High-capacity Storage Unit Improved Weapon Cycler Improved Medium Armor Plating Hacking Suite System Shield > --- WEAPON (3) ------- Phase Gun > --- INVENTORY (20) --- Flexi-carbon Leg Experimental Myomer Leg Energy Well (350) Advanced Terrain Scan Processor 0b10 Decoder Chip [Looter] 0b10 Decoder Chip [Scout] 0b10 Decoder Chip [Scout] Improved Transmission Jammer Graphene Brace Experimental Focal Shield Experimental Hacking Suite System Mapper Phase Gun Vortex Rifle (35) Vortex Rifle (35) Improved Remote Datajack RU-N14's Throwing Claymores v3 (10) RU-N14's Throwing Claymores v3 (10) RU-N14's Throwing Claymores v3 (6) Power Sword Peak State ------------ > --- POWER ------------ F-cell Engine Light Quantum Reactor > --- PROPULSION ------- Flexi-carbon Leg Flexi-carbon Leg Flexi-carbon Leg Flexi-carbon Leg Armored Leg Experimental Myomer Leg > --- UTILITY ---------- Improved Cooling System Advanced Cooling System High-capacity Storage Unit Improved Weapon Cycler Graphene Brace Hacking Suite System Shield > --- WEAPON ----------- Ion Burst Cannon Hypervelocity Gauss Cannon Hypervelocity Gauss Cannon > --- INVENTORY -------- Flexi-carbon Leg Flexi-carbon Leg Flexi-carbon Leg Experimental Myomer Leg 0b10 Decoder Chip [Looter] 0b10 Decoder Chip [Scout] 0b10 Decoder Chip [Scout] 0b10 Decoder Chip [Scout] Improved Transmission Jammer Experimental Hacking Suite System Mapper Vortex Rifle Vortex Rifle Improved Remote Datajack RU-N14's Throwing Claymores v3 RU-N14's Throwing Claymores v3 RU-N14's Throwing Claymores v3 Chainsword [Rating: 109] Favorites ----------- Power Deuterium Engine Engine Deuterium Engine Reactor Antimatter Reactor Propulsion Improved Carbon-fiber Leg Treads Armored Treads Leg Improved Carbon-fiber Leg Wheel Compact Wheel Utility High-capacity Storage Unit Device Improved Heat Sink Storage High-capacity Storage Unit Processor Improved Targeting Computer Hackware Hacking Suite Protection Hardened Light Armor Plating Weapon Heavy Ion Cannon Energy Gun Advanced Beam Rifle Energy Cannon Heavy Ion Cannon Ballistic Gun AWS/Gauss Ballistic Cannon Hypervelocity Gauss Cannon Launcher Rocket Launcher Special Weapon Plasma Cutter Impact Weapon Heavy Flail Slashing Weapon Chainsword Build | -11 -10 -10 -10 -9 -8 -7 -7 -7 -7 -6 -6 -6 -6 -5 -5 -5 -4 ------- Run | Scr Mat Min Exi Min Mat Fac Low Low Dat Pro Fac Was Fac Fac Upp War Pro Slots Evolved 10 | . . . . . 4 2 . . . . 2 . . 2 . . . Power . | . . . . . . . . . . . . . . . . . . Propulsion 4 | . . . . . 1 1 . . . . 2 . . . . . . Utility 5 | . . . . . 2 1 . . . . . . . 2 . . . Weapon 1 | . . . . . 1 . . . . . . . . . . . . Parts Attached 207 | 7 11 13 2 . 24 6 23 22 1 8 18 . 21 8 2 15 26 Power 14 | 2 1 2 . . 1 2 1 2 . . 1 . . . . 1 1 Engine 12 | 2 1 2 . . 1 2 1 2 . . 1 . . . . . . Core . | . . . . . . . . . . . . . . . . . . Reactor 2 | . . . . . . . . . . . . . . . . 1 1 Propulsion 55 | 2 1 1 . . 10 1 3 4 . . 5 . 14 . . 4 10 Treads 7 | 1 1 . . . 5 . . . . . . . . . . . . Leg 44 | . . . . . 3 1 3 4 . . 5 . 14 . . 4 10 Wheel 4 | 1 . 1 . . 2 . . . . . . . . . . . . Hover . | . . . . . . . . . . . . . . . . . . Flight . | . . . . . . . . . . . . . . . . . . Utility 64 | 1 3 8 1 . 8 2 9 7 . 1 3 . 5 6 1 4 5 Device 41 | . 1 7 . . 4 1 5 4 . 1 2 . 2 6 1 3 4 Storage 3 | 1 1 . . . 1 . . . . . . . . . . . . Processor 3 | . . . . . . . . 1 . . . . 1 . . 1 . Hackware 5 | . . . . . 1 1 . . . . 1 . 2 . . . . Protection 12 | . 1 1 1 . 2 . 4 2 . . . . . . . . 1 Artifact . | . . . . . . . . . . . . . . . . . . Weapon 74 | 2 6 2 1 . 5 1 10 9 1 7 9 . 2 2 1 6 10 Energy Gun 14 | . 3 1 . . 3 . 1 . . . . . . . . . 6 Energy Cannon 17 | . . . . . . . 2 4 . 2 4 . 1 1 . 2 1 Ballistic Gun 9 | 2 . 1 1 . . . . 1 . 3 1 . . . . . . Ballistic Cannon 6 | . . . . . . . 2 . . . . . . . 1 1 2 Launcher 7 | . 3 . . . 2 . 2 . . . . . . . . . . Special Weapon 11 | . . . . . . . . 3 1 2 2 . . . . 3 . Impact Weapon 8 | . . . . . . 1 3 1 . . 2 . . . . . 1 Slashing Weapon 2 | . . . . . . . . . . . . . 1 1 . . . Piercing Weapon . | . . . . . . . . . . . . . . . . . . Special Melee Weapon . | . . . . . . . . . . . . . . . . . . Unidentified Prototypes 10 | . . 2 . . 1 1 1 . . . 1 . . . . 3 1 Parts Lost 31 | . . 3 . . 3 . 3 7 . . 3 . . . 1 2 9 Power 5 | . . 1 . . . . . 2 . . . . . . . . 2 Propulsion 14 | . . . . . 1 . 2 3 . . 2 . . . . 2 4 Utility 7 | . . 1 . . 2 . 1 1 . . 1 . . . . . 1 Weapon 5 | . . 1 . . . . . 1 . . . . . . 1 . 2 Highest Loss Streak 7 | . . 3 . . 2 . 2 4 . . 2 . . . 1 2 7 To Critical Strikes . | . . . . . . . . . . . . . . . . . . Average Slot Usage (%) 93 | . 96 99 84 85 87 92 91 88 80 92 97 100 100 100 100 99 93 Engine 10 | . 14 13 14 14 9 7 9 12 14 14 12 12 12 11 11 10 1 Treads 3 | . 14 14 14 14 17 . . . . . . . . . . . . Leg 24 | . . . . . . 30 29 27 28 28 36 37 37 33 33 32 32 Wheel 2 | . 14 14 14 14 8 . . . . . . . . . . . . Device 10 | . 11 11 6 . 10 7 9 4 7 7 10 12 7 16 16 16 20 Storage 7 | . 14 14 14 14 9 7 7 7 7 7 6 6 6 5 5 5 5 Processor 2 | . . . . . . . . 5 7 7 6 6 6 5 5 5 1 Hackware 7 | . . . . . 9 15 10 4 . . 4 6 9 11 11 11 11 Protection 4 | . . 2 8 14 5 7 8 7 7 7 1 . . . . . . Energy Gun 3 | . 13 13 2 . 8 2 . . . . . . . . . . 6 Energy Cannon 6 | . . . . . . . . 9 . 14 16 18 17 15 12 10 4 Ballistic Gun 3 | . 14 13 10 14 9 7 1 1 . 6 . . . . . . . Ballistic Cannon 1 | . . . . . . . 5 1 . . . . . . 3 4 5 Impact Weapon 2 | . . . . . . 4 6 5 . . . . . . . . . Naked Turns . | . . . . . . . . . . . . . . . . . . Heaviest Build 101 | 14 24 23 26 26 64 64 80 100 84 100 101 93 93 95 95 98 98 Greatest Support 121 | 10 20 20 16 16 60 72 72 72 69 69 104 99 111 108 108 118 121 Greatest Overweight (x) 3 | 1 1 1 1 1 3 . 1 1 1 1 1 . . . . 1 1 Average Overweight (x) . | . . 1 . 1 2 . . 1 1 1 . . . . . . . Largest Inventory Capacity 20 | 8 10 10 10 10 20 20 20 20 20 20 20 20 20 20 20 20 20 Average Capacity 18 | 7 8 10 10 10 16 20 20 20 20 20 20 20 20 20 20 20 20 Most Carried 20 | 5 8 10 10 9 20 20 20 20 20 20 20 20 20 20 20 20 20 Average Carried 17 | 3 7 7 9 9 14 19 18 16 19 19 19 19 19 19 19 19 19 Final Capacity 20 | 8 10 10 10 10 20 20 20 20 20 20 20 20 20 20 20 20 20 Final Carried 20 | 5 8 10 9 9 20 20 20 20 20 20 20 20 20 20 19 20 20 Class Distribution -------------------- 24% | Scavenger-Skirmisher 23% | Mutant 13% | Hacker-Mutant 13% | Scavenger-Gunner 10% | Scavenger-Mutant 7% | Hacker-Skirmisher 5% | Gunner Dominant Class ---------------- Mutant | -10/Materials Mutant | -10/Mines Mutant | -10/Exiles Mutant | -9/Mines Scavenger-Skirmisher | -8/Materials Hacker-Mutant | -7/Factory Hacker-Mutant | -7/Lower Caves Mutant | -7/Lower Caves Mutant | -7/Data Miner Gunner | -6/Proximity Caves Scavenger-Skirmisher | -6/Factory Scavenger-Skirmisher | -6/Waste Scavenger-Skirmisher | -6/Factory Scavenger-Skirmisher | -5/Factory Scavenger-Gunner | -5/Upper Caves Scavenger-Gunner | -5/Warlord Scavenger-Gunner | -4/Proximity Caves Resources | -11 -10 -10 -10 -9 -8 -7 -7 -7 -7 -6 -6 -6 -6 -5 -5 -5 -4 ----------- Run | Scr Mat Min Exi Min Mat Fac Low Low Dat Pro Fac Was Fac Fac Upp War Pro Matter Collected 3702 | 272 256 226 . 35 233 70 572 379 . 146 158 48 248 190 46 230 593 Remotely . | . . . . . . . . . . . . . . . . . . Salvage Created 5590 | 70 448 75 . . 1074 46 709 521 . 215 447 312 381 428 40 121 703 Parts 269 | 1 33 1 . . 82 3 33 21 . 8 27 . 18 19 . 3 20 Haulers Intercepted 3 | . 1 . . . 1 . . . . . . . . 1 . . . Recyclers Shooed 2 | . . . . . 1 . . . . . 1 . . . . . . Parts Field Recycled . | . . . . . . . . . . . . . . . . . . Retrieved Matter . | . . . . . . . . . . . . . . . . . . Parts Self-Destructed 78 | . . . . . . . 34 12 . 6 . . . . . . 26 Prevented 4 | . . . . . . . 1 . . . . . . . . . 3 Kills | -11 -10 -10 -10 -9 -8 -7 -7 -7 -7 -6 -6 -6 -6 -5 -5 -5 -4 ------- Run | Scr Mat Min Exi Min Mat Fac Low Low Dat Pro Fac Was Fac Fac Upp War Pro Combat Hostiles Destroyed 114 | . 10 10 . . 23 1 20 7 . . 8 . 8 5 1 8 13 Guns 44 | . 9 7 . . 19 1 7 . . . . . . . . . 1 Cannons 46 | . . . . . . . 7 7 . . 8 . 8 5 1 1 9 AOE 21 | . 1 3 . . 4 . 6 . . . . . . . . 7 . Classes Destroyed 20 | 1 6 1 . . 6 1 1 1 . . . . . . . 3 . Worker 3 | . 1 . . . . . . . . . 2 . . . . . . Builder 3 | . . . . . 2 . . . . . . . . 1 . . . Hauler 3 | . 1 . . . 1 . . . . . . . . 1 . . . Recycler 2 | 1 . . . . 1 . . . . . . . . . . . . Minesweeper 1 | . . . . . . . 1 . . . . . . . . . . Mechanic 2 | . 1 . . . . . . . . . 1 . . . . . . Operator 2 | . 1 . . . 1 . . . . . . . . . . . . Watcher 4 | . . . . . 4 . . . . . . . . . . . . Swarmer 31 | . 3 3 . . 10 . 9 . . . 2 . 2 . . . 2 Grunt 37 | . 7 . . . 4 . 5 4 . . 3 . 1 3 . 4 6 Brawler 1 | . . . . . . . . . . . . . . . . 1 . Duelist 3 | . . . . . . . . . . . . . . . . 1 2 Protector 1 | . . . . . . . . . . . . . . . . 1 . Sentry 11 | . . . . . 4 . 2 . . . . . 2 1 . . 2 Specialist 2 | . . . . . 2 . . . . . . . . . . . . Hunter 7 | . . . . . 1 . 3 2 . . . . 1 . . . . Programmer 5 | . . . . . . 1 1 . . . 2 . 1 . . . . Heavy 5 | . . . . . 2 . . . . . 1 . 1 1 . . . Behemoth 4 | . . . . . . . . 1 . . . . . . 1 1 1 Assembled 7 | . . 7 . . . . . . . . . . . . . . . Best Kill Streak 11 | 1 3 5 . . 11 1 9 2 . . 4 . 2 4 1 7 6 Combat Bots Only 9 | . 2 5 . . 8 1 9 2 . . 4 . 2 3 1 7 6 Max Kills in Single Turn 3 | 1 2 2 . . 3 1 2 1 . . 1 . 2 1 1 3 2 Gunslinging . | . . . . . . . . . . . . . . . . . . Exploded 3 | . 1 2 . . 2 . 2 . . . . . . . . 3 . Melee . | . . . . . . . . . . . . . . . . . . Uniques/NPCs Destroyed . | . . . . . . . . . . . . . . . . . . Combat | -11 -10 -10 -10 -9 -8 -7 -7 -7 -7 -6 -6 -6 -6 -5 -5 -5 -4 -------- Run | Scr Mat Min Exi Min Mat Fac Low Low Dat Pro Fac Was Fac Fac Upp War Pro Damage Taken 7853 | . 268 330 . . 541 67 895 1637 . 137 396 . 306 318 283 264 2411 Core 776 | . 53 41 . . 42 . 57 185 . 11 46 . . 94 31 18 198 Absorbed by Shields 860 | . . . . . . . . . . . 121 . 39 251 . 148 301 Regen/Repaired (Parts) 117 | . . . . . . . . . . . 117 . . . . . . Core Remaining (%) 82 | 100 . . . 62 92 . . . . 63 . . 94 . . . . Volleys Fired 342 | 3 34 26 . . 25 2 39 46 2 16 45 2 18 14 6 16 48 Largest 3 | 2 2 2 . . 1 1 2 2 1 3 3 3 3 3 3 3 3 Hottest 264 | 40 85 85 . . 61 61 130 130 5 158 230 230 230 230 230 226 264 Shots Fired 782 | 6 64 51 . . 107 7 62 66 2 20 121 6 56 42 18 26 128 Gun 285 | 6 61 49 . . 104 7 16 . . 2 . . . . . . 40 Cannon 438 | . . . . . . . 37 53 . 4 119 6 56 42 18 15 88 Launcher 17 | . 3 2 . . 3 . 9 . . . . . . . . . . Special 42 | . . . . . . . . 13 2 14 2 . . . . 11 . Kinetic 261 | 6 32 25 . . 82 5 41 13 . 2 . . . . 4 5 46 Thermal 488 | . 29 24 . . 22 2 12 53 . 17 119 6 56 42 14 10 82 Explosive 21 | . 3 2 . . 3 . 9 . . . . . . . . 4 . Electromagnetic . | . . . . . . . . . . . . . . . . . . Robot Hit Streak 30 | 1 7 7 . . 17 10 30 18 1 8 9 4 5 7 8 5 14 Robot Miss Streak 6 | 4 3 6 . . 3 . 3 4 1 3 4 1 3 3 2 4 4 Penetration Max . | . . . . . . . . . . . . . . . . . . Secondary Targets 5 | . 2 2 . . . . . . . . . . . . . . 1 Max Gunslinging Chain 1 | . 1 1 . . . . . . . . . . . . . . 1 Autonomous 104 | . . . . . 82 5 17 . . . . . . . . . . Shots Hit Robots 528 | 2 34 25 . . 86 7 47 49 1 15 56 4 38 32 16 18 98 Core Hits 250 | 1 23 16 . . 41 3 33 17 . 3 20 1 14 20 5 20 33 Critical Kills 6 | . . . . . 1 . . . . . . 1 . 1 . . 3 Critical Parts Destroyed 9 | . . . . . 1 . 1 . . . . . . . 1 . 6 Critical Strikes 39 | . 2 . . . 3 . 6 4 . . . 1 . 1 1 2 19 Burn 4 | . 2 . . . 1 . . . . . . . . . . . 1 Meltdown 2 | . . . . . . . . . . . . 1 . 1 . . . Destroy 22 | . . . . . 2 . . . . . . . . . 1 1 18 Blast 9 | . . . . . . . 5 4 . . . . . . . . . Smash 1 | . . . . . . . 1 . . . . . . . . . . Sever 1 | . . . . . . . . . . . . . . . . 1 . Melee Attacks 20 | . . . . . . 6 8 . . . 2 . 2 2 . . . Impact 16 | . . . . . . 6 8 . . . 2 . . . . . . Slashing 4 | . . . . . . . . . . . . . 2 2 . . . Piercing . | . . . . . . . . . . . . . . . . . . Sneak Attacks . | . . . . . . . . . . . . . . . . . . Combat Hostiles . | . . . . . . . . . . . . . . . . . . Follow-up Attacks . | . . . . . . . . . . . . . . . . . . Damage Inflicted 19263 | 28 577 676 . . 2675 216 2686 1425 . 217 1549 124 1175 1131 552 3475 2757 Guns 4852 | 28 502 359 . . 2443 216 429 . . 20 . . . . . . 855 Cannons 8937 | . . . . . . . 960 1300 . 82 1506 124 1175 1131 552 205 1902 Explosions 4498 | . 75 317 . . 232 . 775 . . . . . . . . 3099 . Melee 522 | . . . . . . . 522 . . . . . . . . . . Ramming 43 | . . . . . . . . . . . 43 . . . . . . Kinetic 5104 | 28 169 184 . . 2143 166 1198 555 . 20 . . . . 61 31 549 Thermal 8925 | . 333 175 . . 300 50 191 870 . 197 1506 124 1175 1131 491 174 2208 Explosive 4498 | . 75 317 . . 232 . 775 . . . . . . . . 3099 . Electromagnetic . | . . . . . . . . . . . . . . . . . . Impact 522 | . . . . . . . 522 . . . . . . . . . . Slashing 171 | . . . . . . . . . . . . . . . . 171 . Piercing . | . . . . . . . . . . . . . . . . . . Highest Corruption 5 | . 2 2 2 2 1 5 5 5 1 1 2 2 2 . . . . Average Corruption 3 | . 2 2 2 2 1 5 5 4 1 1 1 2 2 . . . . Corruption Purged 4 | . . . . . . . . 4 . . . . . . . . . Corruption Blocked . | . . . . . . . . . . . . . . . . . . Effects 124 | . 3 12 3 1 . 3 45 26 . 3 4 6 18 . . . . Message Errors 36 | . 1 4 . . . 2 14 8 . 1 1 2 3 . . . . Matter Fused 31 | . 1 1 2 . . . 11 6 . 1 1 2 6 . . . . Heat Flow Errors 12 | . . 2 . . . . 5 1 . . . 1 3 . . . . Energy Discharges 11 | . . 2 . . . 1 4 1 . 1 . . 2 . . . . Parts Rejected 2 | . . . . . . . . 2 . . . . . . . . . Data Loss (minor) 16 | . 1 2 1 1 . . 6 2 . . 1 1 1 . . . . Data Loss (major) 7 | . . . . . . . 4 3 . . . . . . . . . Misfires 4 | . . . . . . . 1 1 . . . . 2 . . . . Alerts 3 | . . . . . . . . 1 . . 1 . 1 . . . . Weapon Failures 2 | . . 1 . . . . . 1 . . . . . . . . . Overload Shots . | . . . . . . . . . . . . . . . . . . Overflow Damage 691 | . . 37 . . 11 . 329 45 . 13 57 . 15 22 . 162 . Projectiles 226 | . . . . . . . 57 45 . 13 57 . 15 22 . 17 . Explosions 193 | . . 37 . . 11 . . . . . . . . . . 145 . Melee 272 | . . . . . . . 272 . . . . . . . . . . Knockbacks 5 | . . . . . . . 3 2 . . . . . . . . . Impact 1 | . . . . . . . 1 . . . . . . . . . . Kinetic 4 | . . . . . . . 2 2 . . . . . . . . . Secondary . | . . . . . . . . . . . . . . . . . . Self-Inflicted Damage 75 | . 35 10 . . . . 30 . . . . . . . . . . Shots 4 | . 1 1 . . . . 2 . . . . . . . . . . Rammed . | . . . . . . . . . . . . . . . . . . Targets Rammed 2 | . . . . . . . . . . . 2 . . . . . . Kicked 2 | . . . . . . . . . . . 2 . . . . . . Crushed . | . . . . . . . . . . . . . . . . . . Highest Temperature 647 | . 228 274 . . 64 28 441 389 . 148 243 158 647 66 48 12 356 Average Temperature 105 | . 57 121 . . 20 15 97 174 . 87 59 80 148 20 25 5 91 Received Heat Transfer 1646 | . 105 160 . . 81 12 240 396 . . 88 . 75 64 48 16 361 Effects 13 | . . . . . . . 2 4 . . . . 7 . . . . Shutdowns 3 | . . . . . . . 2 . . . . . 1 . . . . Energy Bleed 6 | . . . . . . . . 3 . . . . 3 . . . . Interference 1 | . . . . . . . . 1 . . . . . . . . . Matter Decay 2 | . . . . . . . . . . . . . 2 . . . . Damage (minor) 1 | . . . . . . . . . . . . . 1 . . . . Siege Activations . | . . . . . . . . . . . . . . . . . . Robots Corrupted . | . . . . . . . . . . . . . . . . . . Combat Hostiles . | . . . . . . . . . . . . . . . . . . Parts Fried . | . . . . . . . . . . . . . . . . . . Impact Corruptions 10 | . . . . . . . 10 . . . . . . . . . . Robots Melted 5 | . . . . . . . . . . . . 1 . 1 . . 3 Combat Hostiles 4 | . . . . . . . . . . . . 1 . . . . 3 Parts Melted 20 | . 2 . . . 2 . . . . . 3 1 3 6 . . 3 Heat Transferred 12926 | . 925 407 . . 629 74 259 1406 . 481 1950 161 1489 1452 572 204 2917 Parts Sabotaged . | . . . . . . . . . . . . . . . . . . Parts Stolen . | . . . . . . . . . . . . . . . . . . Parts Stripped . | . . . . . . . . . . . . . . . . . . Power Chain Reactions . | . . . . . . . . . . . . . . . . . . Missiles Intercepted . | . . . . . . . . . . . . . . . . . . Alert | -11 -10 -10 -10 -9 -8 -7 -7 -7 -7 -6 -6 -6 -6 -5 -5 -5 -4 ------- Run | Scr Mat Min Exi Min Mat Fac Low Low Dat Pro Fac Was Fac Fac Upp War Pro Peak Influence 1797 | 5 337 241 . . 508 457 . . . . 167 36 1797 988 . . . Initial 806 | . 3 117 . . . 216 . . . . 15 35 . 806 . . . Average 336 | 2 135 115 . . 206 210 . . . . 79 32 1086 860 . . . Maximum Alert Level 5 | . 1 1 . . 2 2 . . . . . . 5 3 . . . Low Security (%) 56 | 100 72 48 . 100 65 41 . . . . 100 100 13 . . . . Level 1 19 | . 27 51 . . 9 50 . . . . . . . . . . . Level 2 8 | . . . . . 24 7 . . . . . . 15 . . . . Level 3 6 | . . . . . . . . . . . . . 11 100 . . . Level 4 6 | . . . . . . . . . . . . . 37 . . . . Level 5 3 | . . . . . . . . . . . . . 22 . . . . High Security . | . . . . . . . . . . . . . . . . . . Max Security . | . . . . . . . . . . . . . . . . . . Squads Dispatched 33 | . 2 . . . 5 3 . . . . 5 . 15 3 . . . Investigation 5 | . 1 . . . . 1 . . . . 1 . 2 . . . . Extermination 6 | . . . . . . 2 . . . . 2 . 2 . . . . Reinforcement 16 | . 1 . . . 5 . . . . . 2 . 6 2 . . . Assault 3 | . . . . . . . . . . . . . 2 1 . . . Garrison 3 | . . . . . . . . . . . . . 3 . . . . Intercept . | . . . . . . . . . . . . . . . . . . Searches Triggered . | . . . . . . . . . . . . . . . . . . Data Miner Redirects 2 | . . . . . . . . . . . . . 2 . . . . Construction Impeded 2 | . . . . . 1 . . . . . . . 1 . . . . Haulers Reinforced 1 | . . . . . . . . . . . . . 1 . . . . Active Scanning Responses . | . . . . . . . . . . . . . . . . . . Cargo Convoy Interrupts . | . . . . . . . . . . . . . . . . . . Stealth | -11 -10 -10 -10 -9 -8 -7 -7 -7 -7 -6 -6 -6 -6 -5 -5 -5 -4 --------- Run | Scr Mat Min Exi Min Mat Fac Low Low Dat Pro Fac Was Fac Fac Upp War Pro Distress Signals 11 | . 3 . . . 2 . . . . . 2 . 3 . . 1 . Communications Jammed . | . . . . . . . . . . . . . . . . . . Distress Signals . | . . . . . . . . . . . . . . . . . . Times Spotted 203 | . 21 17 . . 30 5 20 7 . 1 23 . 33 8 1 17 20 Peak Tracking Total 13 | . 5 9 . . 5 2 9 3 . 1 9 . 6 4 1 13 11 Tactical Retreats 6 | . 1 . . . 1 . . . . . 2 . 1 . . . 1 Traps | -11 -10 -10 -10 -9 -8 -7 -7 -7 -7 -6 -6 -6 -6 -5 -5 -5 -4 ------- Run | Scr Mat Min Exi Min Mat Fac Low Low Dat Pro Fac Was Fac Fac Upp War Pro Traps Triggered 3 | . 1 . . . 1 . . . . . 1 . . . . . . Indirectly . | . . . . . . . . . . . . . . . . . . Trap Hack Attempts . | . . . . . . . . . . . . . . . . . . Triggered . | . . . . . . . . . . . . . . . . . . Disarmed . | . . . . . . . . . . . . . . . . . . Reprogrammed . | . . . . . . . . . . . . . . . . . . Reused . | . . . . . . . . . . . . . . . . . . Traps Extracted . | . . . . . . . . . . . . . . . . . . Installed 1 | . . . . . . . . 1 . . . . . . . . . Triggered 9 | . . . . . . . . . . . . . . . 1 8 . Most Traps Carried 3 | . . . . . . . 3 3 2 2 2 . . . . . . Machines | -11 -10 -10 -10 -9 -8 -7 -7 -7 -7 -6 -6 -6 -6 -5 -5 -5 -4 ---------- Run | Scr Mat Min Exi Min Mat Fac Low Low Dat Pro Fac Was Fac Fac Upp War Pro Machines Disabled 29 | . . . . . 4 . 1 . . . . . 22 . . . 2 Max in Single Turn 2 | . . . . . 2 . 1 . . . . . 1 . . . . Garrison Access 1 | . . . . . . 1 . . . . . . . . . . . Machines Sabotaged . | . . . . . . . . . . . . . . . . . . Garrisons Compromised . | . . . . . . . . . . . . . . . . . . Overloaded Fab Kills . | . . . . . . . . . . . . . . . . . . Hacking | -11 -10 -10 -10 -9 -8 -7 -7 -7 -7 -6 -6 -6 -6 -5 -5 -5 -4 --------- Run | Scr Mat Min Exi Min Mat Fac Low Low Dat Pro Fac Was Fac Fac Upp War Pro Machines Accessed 47 | . 5 1 2 . 8 8 1 . 4 . 6 . 7 2 . 2 1 Terminals 28 | . 4 . . . 6 5 1 . . . 5 . 5 1 . . 1 Fabricators 2 | . . . . . . 1 . . . . . . . 1 . . . Repair Stations 1 | . . . . . . . . . . . 1 . . . . . . Recycling Units 3 | . 1 . . . 1 1 . . . . . . . . . . . Scanalyzers 2 | . . . . . 1 . . . . . . . 1 . . . . Garrison Access 2 | . . . . . . 1 . . . . . . 1 . . . . Total Hacks 173 | . 19 1 2 . 30 22 7 . 30 . 14 . 32 4 . 3 9 Successful 114 | . 11 1 2 . 17 15 7 . 30 . 3 . 14 2 . 3 9 Failed 58 | . 7 . . . 13 7 . . . . 11 . 18 2 . . . Catastrophic 8 | . 1 . . . 1 . . . . . 4 . 2 . . . . Database Lockouts 1 | . 1 . . . . . . . . . . . . . . . . Manual 45 | . 12 . 1 . 15 4 . . . . 3 . 9 . . 1 . Terminals 103 | . 16 . . . 26 15 7 . . . 12 . 15 3 . . 9 Fabricators 3 | . . . . . . 2 . . . . . . . 1 . . . Repair Stations 2 | . . . . . . . . . . . 2 . . . . . . Recycling Units 7 | . 3 . . . 1 3 . . . . . . . . . . . Scanalyzers 17 | . . . . . 3 . . . . . . . 14 . . . . Garrison Access 5 | . . . . . . 2 . . . . . . 3 . . . . Terminal Hacks 80 | . 5 1 2 . 9 9 7 . 30 . . . 4 1 . 3 9 Record 30 | . . . 1 . . . 7 . 11 . . . . . . 2 9 Part Schematic 15 | . 1 . . . . 3 . . 11 . . . . . . . . Robot Schematic 6 | . . . . . 1 . . . 5 . . . . . . . . Robot Analysis 2 | . . . . . 1 1 . . . . . . . . . . . Prototype ID Bank 6 | . 1 . . . . 1 . . 3 . . . 1 . . . . Open Door 2 | . . 1 . . . . . . . . . . . . . 1 . Branch Access Points 3 | . . . . . 1 1 . . . . . . . 1 . . . Emergency Access Points 1 | . 1 . . . . . . . . . . . . . . . . Terminal Index 2 | . 1 . . . 1 . . . . . . . . . . . . Scanalyzer Index 1 | . . . . . 1 . . . . . . . . . . . . Alert Level 1 | . . . . . . 1 . . . . . . . . . . . Unreport Threat 3 | . . . . . 2 . . . . . . . 1 . . . . Locate Traps 2 | . . . . . 1 1 . . . . . . . . . . . Reinforcement Status 1 | . . . . . . 1 . . . . . . . . . . . Recall Investigation 1 | . . . . . . . . . . . . . 1 . . . . Recall Reinforcements 1 | . . . . . . . . . . . . . 1 . . . . Registered Components 1 | . 1 . . . . . . . . . . . . . . . . Zone Layout 1 | . . . . . 1 . . . . . . . . . . . . EX-Prototype ID Bank 1 | . . . 1 . . . . . . . . . . . . . . Fabricator Hacks 3 | . . . . . . 2 . . . . . . . 1 . . . Network Status 2 | . . . . . . 1 . . . . . . . 1 . . . Build 1 | . . . . . . 1 . . . . . . . . . . . Repair Station Hacks 2 | . . . . . . . . . . . 2 . . . . . . Scan Component 1 | . . . . . . . . . . . 1 . . . . . . Repair 1 | . . . . . . . . . . . 1 . . . . . . Recycling Unit Hacks 4 | . 2 . . . 1 1 . . . . . . . . . . . Report Inventory 3 | . 1 . . . 1 1 . . . . . . . . . . . Retrieve Components 1 | . 1 . . . . . . . . . . . . . . . . Scanalyzer 11 | . . . . . 3 . . . . . . . 8 . . . . Insert Component 7 | . . . . . 2 . . . . . . . 5 . . . . Analyze 4 | . . . . . 1 . . . . . . . 3 . . . . Garrison Access Hacks . | . . . . . . . . . . . . . . . . . . Unauthorized Hacks 14 | . 4 . . . 4 3 . . . . 1 . 2 . . . . Terminals 11 | . 3 . . . 4 1 . . . . 1 . 2 . . . . Assimilate 3 | . 1 . . . . 1 . . . . . . 1 . . . . Botnet 4 | . 1 . . . 3 . . . . . . . . . . . . Operators 4 | . 1 . . . 1 . . . . . 1 . 1 . . . . Fabricators . | . . . . . . . . . . . . . . . . . . Repair Stations . | . . . . . . . . . . . . . . . . . . Recycling Units 2 | . 1 . . . . 1 . . . . . . . . . . . Reject 1 | . . . . . . 1 . . . . . . . . . . . Tunnel 1 | . 1 . . . . . . . . . . . . . . . . Scanalyzers . | . . . . . . . . . . . . . . . . . . Garrison Access 1 | . . . . . . 1 . . . . . . . . . . . Jam 1 | . . . . . . 1 . . . . . . . . . . . Data Cores Recovered . | . . . . . . . . . . . . . . . . . . Used . | . . . . . . . . . . . . . . . . . . Hacking Detections 33 | . 4 . . . 8 6 1 . . . 6 . 7 1 . . . Full Trace Events 3 | . . . . . . . . . . . 1 . 2 . . . . Feedback Events . | . . . . . . . . . . . . . . . . . . Feedback Blocked . | . . . . . . . . . . . . . . . . . . Robot Schematics Acquired 6 | . . . . . 1 . . . 5 . . . . . . . . Robots Built . | . . . . . . . . . . . . . . . . . . Authchips . | . . . . . . . . . . . . . . . . . . Time . | . . . . . . . . . . . . . . . . . . Total Robot Build Rating . | . . . . . . . . . . . . . . . . . . Part Schematics Acquired 19 | . 1 . . . 1 3 . . 11 . . . 3 . . . . Parts Built 1 | . . . . . . 1 . . . . . . . . . . . Authchips . | . . . . . . . . . . . . . . . . . . Time 95 | . . . . . . 95 . . . . . . . . . . . Total Part Build Rating 5 | . . . . . . 5 . . . . . . . . . . . Parts Repaired 1 | . . . . . . . . . . . 1 . . . . . . Time 44 | . . . . . . . . . . . 44 . . . . . . Parts Recycled . | . . . . . . . . . . . . . . . . . . Recycled Matter . | . . . . . . . . . . . . . . . . . . Retrieved Matter . | . . . . . . . . . . . . . . . . . . Retrieved Components 3 | . 3 . . . . . . . . . . . . . . . . Parts Scanalyzed 5 | . . . . . 1 . . . . . . . 4 . . . . Part Schematics Acquired 4 | . . . . . 1 . . . . . . . 3 . . . . Parts Damaged 1 | . . . . . . . . . . . . . 1 . . . . Bothacking | -11 -10 -10 -10 -9 -8 -7 -7 -7 -7 -6 -6 -6 -6 -5 -5 -5 -4 ------------ Run | Scr Mat Min Exi Min Mat Fac Low Low Dat Pro Fac Was Fac Fac Upp War Pro Used RIF Installer . | . . . . . . . . . . . . . . . . . . Robots Hacked 4 | . . . . . . . . . 1 1 2 . . . . . . Non-combat 2 | . . . . . . . . . . . 2 . . . . . . Combat 2 | . . . . . . . . . 1 1 . . . . . . . Robot Hacks Applied 4 | . . . . . . . . . 1 1 2 . . . . . . parse_system 2 | . . . . . . . . . 1 1 . . . . . . . find_chute 2 | . . . . . . . . . . . 2 . . . . . . Relay Couplers Released . | . . . . . . . . . . . . . . . . . . Fabnet Peak Effective % . | . . . . . . . . . . . . . . . . . . Robots Rewired 5 | . . . . . . . . . . . . . . . . 5 . Allies Hacked . | . . . . . . . . . . . . . . . . . . Hacks Repelled . | . . . . . . . . . . . . . . . . . . Allies | -11 -10 -10 -10 -9 -8 -7 -7 -7 -7 -6 -6 -6 -6 -5 -5 -5 -4 -------- Run | Scr Mat Min Exi Min Mat Fac Low Low Dat Pro Fac Was Fac Fac Upp War Pro Total Allies 34 | . 1 2 . . . 1 . . . 1 . 20 4 . . 5 . Largest Group 20 | . 1 2 2 . . 1 . . . 1 1 20 13 2 1 6 4 Highest-Rated Group 735 | . 10 42 42 . . 26 . . . 96 96 735 444 70 20 263 174 Highest-Rated Ally 96 | . 10 31 31 . . 26 . . . 96 96 50 50 46 20 65 65 Total Orders 4 | . 2 . . . 1 . . . . . . . . . . . 1 STAY 2 | . 1 . . . . . . . . . . . . . . . 1 FOLLOW 1 | . 1 . . . . . . . . . . . . . . . . RETURN 1 | . . . . . 1 . . . . . . . . . . . . Ally Attacks 317 | . . 7 . . 13 . . . . 1 12 . 244 7 . 20 13 Total Damage 8321 | . . 104 . . 28 . . . . 43 508 . 6052 191 . 757 638 Kills 65 | . . 3 . . 1 . . . . 1 3 . 47 1 . 5 4 Allies Corrupted . | . . . . . . . . . . . . . . . . . . Allies Melted . | . . . . . . . . . . . . . . . . . . Intel | -11 -10 -10 -10 -9 -8 -7 -7 -7 -7 -6 -6 -6 -6 -5 -5 -5 -4 ------- Run | Scr Mat Min Exi Min Mat Fac Low Low Dat Pro Fac Was Fac Fac Upp War Pro Robot Analysis Total 2 | . . . . . 1 1 . . . . . . . . . . . Derelict Logs Recovered 10 | . . 2 . 1 . . 2 2 . 1 . . . . . . 2 Drone Launches 5 | . . . . . 5 . . . . . . . . . . . . Drone Recoveries 3 | . . . . . 3 . . . . . . . . . . . . Exploration | -11 -10 -10 -10 -9 -8 -7 -7 -7 -7 -6 -6 -6 -6 -5 -5 -5 -4 ------------- Run | Scr Mat Min Exi Min Mat Fac Low Low Dat Pro Fac Was Fac Fac Upp War Pro Turns Passed 13286 | 67 610 764 278 107 1163 1370 1708 1302 160 603 1161 429 1252 311 184 629 1188 Spaces Moved 8278 | 48 465 421 246 94 733 876 1116 536 82 283 583 343 904 186 137 468 757 Core 1 | 1 . . . . . . . . . . . . . . . . . Treads 138 | . 4 125 . . 9 . . . . . . . . . . . . Legs 6280 | . . . . . 9 876 1116 536 82 283 583 343 904 186 137 468 757 Wheels 1859 | 47 461 296 246 94 715 . . . . . . . . . . . . Hover . | . . . . . . . . . . . . . . . . . . Flight . | . . . . . . . . . . . . . . . . . . Fastest Speed 50 | 50 95 115 100 115 115 120 120 190 190 190 120 120 120 120 120 115 114 Average Speed 131 | 90 96 152 110 115 136 120 135 190 190 190 120 120 120 120 120 117 127 Slowest Speed 250 | 95 240 240 115 115 250 120 190 190 190 190 190 120 120 120 120 184 184 Overloaded Moves . | . . . . . . . . . . . . . . . . . . Propulsion Burnouts . | . . . . . . . . . . . . . . . . . . Robots Hopped . | . . . . . . . . . . . . . . . . . . Cave-ins Triggered . | . . . . . . . . . . . . . . . . . . Exploration Rate (%) 51 | 5 76 95 52 25 57 24 97 62 70 51 19 96 31 6 33 77 56 Regions Visited 17 Branch Regions 10 Pre-discovered Areas 7 | . 1 1 1 1 . . 1 1 1 . . . . . . . . Known Exits Taken 4 | . . . . . . 1 . . . 1 . . 1 1 . . . Unknown Exits Taken 11 | 1 1 1 1 1 1 . 1 1 1 . . . . . 1 1 . Scrap Searched 23 | . . 1 . 2 . . 10 6 . 1 . . . . . . 3 Spaces Dug 174 | . 29 28 . . 31 6 66 . . . 10 . 2 2 . . . Terrain Destroyed 299 | . 29 28 . . 75 7 77 4 . . 17 1 8 3 1 48 1 Melee 13 | . . . . . . 6 1 . . . 2 . 2 2 . . . Projectile 88 | . . . . . 45 1 13 4 . . 15 1 6 1 1 . 1 AOE 198 | . 29 28 . . 30 . 63 . . . . . . . . 48 . Terrain Rammed . | . . . . . . . . . . . . . . . . . . Walls Destroyed . | . . . . . . . . . . . . . . . . . . Machines Disabled . | . . . . . . . . . . . . . . . . . . Actions | -11 -10 -10 -10 -9 -8 -7 -7 -7 -7 -6 -6 -6 -6 -5 -5 -5 -4 --------- Run | Scr Mat Min Exi Min Mat Fac Low Low Dat Pro Fac Was Fac Fac Upp War Pro Total 10017 | 62 564 488 252 93 871 1186 1235 732 87 315 939 357 1026 233 144 536 897 Wait 924 | 1 45 22 . . 50 279 29 108 . 6 278 6 49 14 . 1 36 Move 8262 | 47 464 420 245 93 732 875 1115 535 81 282 583 342 903 185 136 467 757 Hop . | . . . . . . . . . . . . . . . . . . Pick Up 122 | 4 5 5 1 . 21 10 10 12 1 2 7 3 10 5 . 15 11 Fast Attach 33 | 6 1 . 1 . 6 . 3 4 . . 2 . 2 . . 1 7 Attach 45 | . . 3 . . 4 3 8 8 1 1 6 . . 2 1 3 5 Detach 7 | . . . . . 1 . 3 1 1 . 1 . . . . . . Swap 130 | 1 10 10 1 . 14 3 13 10 . 7 10 . 19 6 1 11 14 Drop 119 | . 5 2 4 . 18 8 7 7 1 1 3 4 23 5 . 12 19 Fire 342 | 3 34 26 . . 25 2 39 46 2 16 45 2 18 14 6 16 48 Melee 20 | . . . . . . 6 8 . . . 2 . 2 2 . . . Ram . | . . . . . . . . . . . . . . . . . . Kick 2 | . . . . . . . . . . . 2 . . . . . . Crush . | . . . . . . . . . . . . . . . . . . Escape Stasis . | . . . . . . . . . . . . . . . . . . Rewire 10 | . . . . . . . . . . . . . . . . 10 . Trap 1 | . . . . . . . . 1 . . . . . . . . . Miscellaneous . | . . . . . . . . . . . . . . . . . . Route ------- -11/Scrapyard -10/Materials (discovered 3 exits: [*Mat x2] / *Min) -10/Mines (discovered 3 exits: [*Mat x2] / *Exi) -10/Exiles -9/Mines -8/Materials -7/Factory (discovered 5 exits: *Fac x3 / *Low x2) -7/Lower Caves -7/Lower Caves (discovered 2 exits: *Fac / *Dat) -7/Data Miner -6/Proximity Caves -6/Factory -6/Waste -6/Factory (discovered 2 exits: *Fac x2) -5/Factory (discovered 3 exits: [*Fac] / *Upp x2) -5/Upper Caves (discovered 2 exits: Upp / *War) -5/Warlord -4/Proximity Caves History --------- Turn | Location | Event 8 | -11/Scrapyard | Discovered new exit (range 16) 68 | -11/Scrapyard | Entered Materials 313 | -10/Materials | Build established: Mutant 397 | -10/Materials | Discovered new exit (range 15) 419 | -10/Materials | Central database locked down 527 | -10/Materials | Discovered new exit (range 16) 644 | -10/Materials | Discovered new exit (range 6) 678 | -10/Materials | Entered Mines 678 | -10/Mines | Accompanied by 1 ally 747 | -10/Mines | Discovered new exit (range 13) 767 | -10/Mines | Learned Materials garrison access intel 806 | -10/Mines | Assembled infested the area 927 | -10/Mines | Lost 3 parts (1p1u1w) 940 | -10/Mines | Found a damaged Exp. Sensor Array with a note attached 945 | -10/Mines | Found Prototype Device 1035 | -10/Mines | Learned Materials stockpile data 1097 | -10/Mines | Deemed a non-threat by the Exiles lab entrance 1097 | -10/Mines | Discovered new exit (range 5) 1176 | -10/Mines | Identified Exp. Sensor Array 1313 | -10/Mines | Discovered new exit (range 6) 1315 | -10/Mines | Learned location of Storage (-9) 1331 | -10/Mines | Found the Drone Emporium 1336 | -10/Mines | Found Prototype Device 1337 | -10/Mines | Identified Thief Drone Bay 1442 | -10/Mines | Entered Exiles 1442 | -10/Exiles | Accompanied by 2 allies 1472 | -10/Exiles | Led the pair of lost Derelicts to a safe place 1473 | -10/Exiles | Met 8R-AWN 1491 | -10/Exiles | Met EX-HEX 1519 | -10/Exiles | Met EX-BIN 1533 | -10/Exiles | Aligned with FarCom system 1534 | -10/Exiles | Given EX-Vault access code 1557 | -10/Exiles | Opened EX-Vault 1564 | -10/Exiles | Found AWS/Gauss 1590 | -10/Exiles | Warned to stay clear of 0b10 Research branches 1622 | -10/Exiles | Met EX-DEC 1630 | -10/Exiles | Learned location of Zion (-6) 1707 | -10/Exiles | Discovered new exit (range 14) 1720 | -10/Exiles | Left Exiles lab with AWS/Gauss 1720 | -10/Exiles | Entered Mines 1811 | -9/Mines | Discovered new exit (range 13) 1827 | -9/Mines | Entered Materials 1827 | -8/Materials | Evolved 4 slots: Propulsion x1, Utility x2, Weapon x1 1829 | -8/Materials | Loaded intel: 1 garrison access location 2161 | -8/Materials | Build established: Scavenger-Skirmisher 2645 | -8/Materials | Destroyed 8 combat bots 2926 | -8/Materials | Discovered new exit (range 16) 2990 | -8/Materials | Entered Factory 2990 | -7/Factory | Evolved 2 slots: Propulsion x1, Utility x1 3137 | -7/Factory | Fabricated Cloaking Device (x1) 3167 | -7/Factory | Discovered new exit (range 15) 3243 | -7/Factory | Build established: Hacker-Skirmisher 3420 | -7/Factory | Discovered new exit (range 16) 3626 | -7/Factory | Identified exit to Lower Caves 3664 | -7/Factory | Build established: Hacker-Mutant 3693 | -7/Factory | Discovered new exit (range 15) 4360 | -7/Factory | Entered Lower Caves 4663 | -7/Lower Caves | Attracted the attention of an 0b10 base 4709 | -7/Lower Caves | Destroyed 9 combat bots 4764 | -7/Lower Caves | Learned Factory garrison access intel 4772 | -7/Lower Caves | Learned Armory trap positions 4772 | -7/Lower Caves | Learned Research trap positions 4772 | -7/Lower Caves | Learned 6 Proximity Caves zone layouts 4772 | -7/Lower Caves | Learned 8 Factory zone layouts 4772 | -7/Lower Caves | Learned location of 2 exits from Upper Caves 4901 | -7/Lower Caves | Discovered new exit (range 15) 4928 | -7/Lower Caves | Encountered a Warlord checkpoint 5138 | -7/Lower Caves | Attracted the attention of an 0b10 checkpoint 5449 | -7/Lower Caves | Build established: Mutant 5517 | -7/Lower Caves | Found Alien Artifact 5518 | -7/Lower Caves | Identified Core Expander 5518 | -7/Lower Caves | Installed Core Expander, added new Power slot 6068 | -7/Lower Caves | Entered another Lower Caves area 6105 | -7/Lower Caves | Build established: Scavenger-Mutant 6264 | -7/Lower Caves | Discovered new exit (range 13) 6338 | -7/Lower Caves | Spotted B-75 Beast 6455 | -7/Lower Caves | Destroyed B-75 Beast 6457 | -7/Lower Caves | Lost 4 parts (1p2n1w) 6561 | -7/Lower Caves | Learned Factory stockpile data 6580 | -7/Lower Caves | Build established: Mutant 7195 | -7/Lower Caves | Discovered new exit (range 15) 7370 | -7/Lower Caves | Entered Data Miner 7370 | -7/Data Miner | Discovered new exit (range 7) 7408 | -7/Data Miner | Met Data Miner 7458 | -7/Data Miner | Learned location of Section 7 (-2) 7458 | -7/Data Miner | Acquired the access code to Warlord's prototype stash 7485 | -7/Data Miner | Received God Mode back door access code from Data Miner 7530 | -7/Data Miner | Entered Proximity Caves 7531 | -6/Proximity Caves | Identified exit to Factory 7937 | -6/Proximity Caves | Escorted by Enhanced Grunt 7937 | -6/Proximity Caves | Attracted the attention of an 0b10 checkpoint 8022 | -6/Proximity Caves | Build established: Gunner 8072 | -6/Proximity Caves | Learned Factory stockpile data 8133 | -6/Proximity Caves | Entered Factory 8133 | -6/Factory | Accompanied by 1 ally 8133 | -6/Factory | Evolved 2 slots: Propulsion x2 8136 | -6/Factory | Loaded intel: 4 garrison access locations 8296 | -6/Factory | Repaired Imp. Carbon-fiber Leg 8654 | -6/Factory | Build established: Scavenger-Skirmisher 9294 | -6/Factory | Manually triggered Chute Trap 9294 | -6/Factory | Sucked down chute 9294 | -6/Factory | Entered Waste 9295 | -6/Waste | Joined by Warlord forces that had cleared the area 9523 | -6/Waste | Found Prototype Hackware 9530 | -6/Waste | Discovered new exit (range 13) 9723 | -6/Waste | Entered Factory 9723 | -6/Factory | Accompanied by 13 allies 9948 | -6/Factory | Allied Derelicts emerged from ambush trap array 10089 | -6/Factory | Garrison activated, responded to threat 10154 | -6/Factory | Incoming investigation squad redirected 10303 | -6/Factory | Identified Exp. Hacking Suite 10409 | -6/Factory | Discovered new exit (range 13) 10423 | -6/Factory | First assault squad dispatched 10437 | -6/Factory | Identified exit to Factory 10604 | -6/Factory | Build established: Hacker-Skirmisher 10792 | -6/Factory | Incoming assault squad redirected 10947 | -6/Factory | Discovered exit to Factory (range 15) 10975 | -6/Factory | Entered another Factory area 10975 | -5/Factory | Accompanied by 2 allies 10975 | -5/Factory | Evolved 2 slots: Utility x2 10979 | -5/Factory | Discovered new exit (range 12) 11118 | -5/Factory | Identified exit to Upper Caves 11275 | -5/Factory | First assault squad dispatched 11286 | -5/Factory | Entered Upper Caves 11286 | -5/Upper Caves | Accompanied by 1 ally 11287 | -5/Upper Caves | Identified exit to Upper Caves 11339 | -5/Upper Caves | Spotted B-75 Beast 11359 | -5/Upper Caves | Destroyed B-75 Beast 11459 | -5/Upper Caves | A Derelict revealed a hidden shortcut to "reach the base" 11470 | -5/Upper Caves | Entered Warlord 11470 | -5/Warlord | Accompanied by 1 ally 11579 | -5/Warlord | Build established: Scavenger-Gunner 11628 | -5/Warlord | Met Warlord 11642 | -5/Warlord | Opened Warlord's prototype stash 11648 | -5/Warlord | Found Exp. Targeting Computer 11653 | -5/Warlord | Warlord's base attacked by MAIN.C 11660 | -5/Warlord | Found System Mapper 11665 | -5/Warlord | Found Prototype Device 11666 | -5/Warlord | Identified Exp. Focal Shield 11753 | -5/Warlord | Found Prototype Special Weapon 11754 | -5/Warlord | Identified RU-N14's Throwing Claymores v3 11758 | -5/Warlord | Found RU-N14's Throwing Claymores v3 11760 | -5/Warlord | Found RU-N14's Throwing Claymores v3 11867 | -5/Warlord | Found Prototype Energy Gun 11869 | -5/Warlord | Found Prototype Energy Gun 11990 | -5/Warlord | Spotted B-86 Titan 11993 | -5/Warlord | Spotted Striker 11998 | -5/Warlord | Spotted B-75 Beast 12003 | -5/Warlord | Warlord forces counterattacked 12014 | -5/Warlord | Destroyed B-75 Beast 12059 | -5/Warlord | Discovered new exit (range 15) 12059 | -5/Warlord | Spotted Striker 12060 | -5/Warlord | Spotted Striker 12072 | -5/Warlord | Allies destroyed Striker 12087 | -5/Warlord | Destroyed 7 combat bots 12099 | -5/Warlord | Entered Proximity Caves 12099 | -4/Proximity Caves | Accompanied by 4 allies 12159 | -4/Proximity Caves | Learned Research emergency access door positions 12192 | -4/Proximity Caves | Learned Armory garrison access intel 12192 | -4/Proximity Caves | Learned Extension garrison access intel 12192 | -4/Proximity Caves | Learned Research garrison access intel 12192 | -4/Proximity Caves | Learned Factory garrison access intel 12192 | -4/Proximity Caves | Learned Armory emergency access door positions 12192 | -4/Proximity Caves | Learned 8 Factory zone layouts 12196 | -4/Proximity Caves | Attracted the attention of an 0b10 base 12326 | -4/Proximity Caves | Spotted B-86 Titan 12382 | -4/Proximity Caves | Destroyed B-86 Titan 12402 | -4/Proximity Caves | Lost 7 parts (2p3n1u1w) 12831 | -4/Proximity Caves | Identified Vortex Rifle (x2) 12949 | -4/Proximity Caves | Learned location of 1 exit from Research 13287 | -4/Proximity Caves | Self-destructed Last Messages --------------- 13210_ Destroyed Lgt. Antimatter Reactor. 13216_ L-61 Swordsman overheating. 13217_ Melted Microactuators. 13217_ L-61 Swordsman critical meltdown. 13222_ Acquired Flexi-carbon Leg. 13223_ Dropped Chainsword. 13225_ Acquired Power Sword. 13227_ Dropped Flexi-carbon Leg. 13228_ Acquired 40 matter. 13259_ Critical hit (Burn: +50). 13274_ Phase Gun destroyed. 13276_ Phase Gun severed. 13277_ L-61 Swordsman heat spikes uncontrollably. 13277_ L-61 Swordsman critical meltdown. 13277_ Microactuators melted. 13279_ G-67 Veteran suffers critical hit (Burn). 13282_ Imp. Core Shielding fries itself beyond repair. 13286_ G-67 Veteran heat damages Flexi-carbon Leg. 13286_ Flexi-carbon Leg destroyed. 13286_ Critical hit (Burn: +37). Map ----- +----------------------------------------------------+ | ?????????????????????????????????????????????????? | | ?????????????????????????????????????????????????? | | ?????????????????????????????????????????????????? | | ?????????????????????????????????????????????????? | | ?????????????????????????????????????????????????? | | ???????????????#####?????????????????????????????? | | ???????????????# ##????????????????????????????? | | ???????????????# ?????????????????????????????? | | #?????????????## ??????????????????????????????? | | ??????????????# ???????????????????????????????? | | ??###?????????# #???????????????????????????????? | | ## ####?????## ##??????????????????????????????? | | #?##### ####???????????????????????????? | | #?## ##??????????????????????????? | | #??# #????????? ???????????????? | | #???# ### ##### ??????????????? | | #???# ##?## #?????????#????????? | | ##???## #???# #????????? #????????? | | ####??# #??## ##########???????? ##???????? | | # #### #?## #????????????????# #???????? | | ## #### #??????????????## #???????? | | #?# ##???????????### #????????? | | ### ## =/ #??????????## ###????????? | | ##?#### #### % #??###????## #??????????? | | ##?????######??### #?## #???## ##?????????? | | ?????????????????## %### @#???# #?????????? | | ?????????????????## gg##### #?????????? | | ?????????????????# g #### ##?????????? | | ?????????????????## #??####??????????? | | ??????????????????#### ###### #????????????????? | | ?????????????????????#####????###????????????????? | | ?????????????????????????????????????????????????? | | ?????????????????????????????????????????????????? | | ?????????????????????????????????????????????????? | | ?????????????????????????????????????????????????? | | ?????????????????????????????????????????????????? | | ?????????????????????????????????????????????????? | | ?????????????????????????????????????????????????? | | ?????????????????????????????????????????????????? | | ?????????????????????????????????????????????????? | | ?????????????????????????????????????????????????? | | ?????????????????????????????????????????????????? | | ?????????????????????????????????????????????????? | | ?????????????????????????????????????????????????? | | ?????????????????????????????????????????????????? | | ?????????????????????????????????????????????????? | | | | | | | | | +----------------------------------------------------+ Best States ------------- Heat Dissipation 98 Energy Generation 39 Energy Capacity 675 Matter Stores 300 Matter Capacity 300 Sight Range 16 Robot Scan Range 20 Terrain Scan Density 10 Cloak Strength 2 EM Shielding 2 Armor Coverage 600 Resistance: KI 30 Weapon Cycling 20 Evasion (%) 55 Targeting Accuracy 12 Recoil Reduction 3 Offensive Hacking 20 Defensive Hacking 20 Item Schematics ----------------- Hcp. Storage Unit | -10/Materials | Hacked Graphene Brace | -8/Materials | Scanalyzed Force Field | -7/Factory | Hacked Hyp. Gauss Rifle | -7/Factory | Hacked Stasis Canceller | -7/Factory | Hacked Combat Drone Bay | -7/Data Miner | Free Lgt. Regenerative Plating | -7/Data Miner | Free Cld. Cesium-ion Thruster | -7/Data Miner | Free Exp. Targeting Computer | -7/Data Miner | Free Imp. Heavy Laser | -7/Data Miner | Free Antigrav System | -7/Data Miner | Free Imp. Focal Shield | -7/Data Miner | Free Hvy. Phase Cannon | -7/Data Miner | Free Adv. Heat Sink | -7/Data Miner | Free Adv. Plasma Cannon | -7/Data Miner | Free Impulse Thruster | -7/Data Miner | Free Exp. Hacking Suite | -6/Factory | Scanalyzed Adv. Transmission Jammer | -6/Factory | Scanalyzed Hvy. Treads | -6/Factory | Scanalyzed Robot Schematics ------------------ H-55 Commando | -8/Materials | Hacked W-25 Informer | -7/Data Miner | Free S-27 Virus | -7/Data Miner | Free E-15 Imp | -7/Data Miner | Free G-50 Soldier | -7/Data Miner | Free Y-64 Sentinel | -7/Data Miner | Free Fabricated ------------ Cloaking Device | x1 | -7/Factory | Preloaded Alien Tech Used ----------------- Core Expander Achievements -------------- A Powerful Ally? Charge!!! Reappropriation Wheee! Challenges ------------ None Game ------ Seed MeleeSwarmExpander Manual? 0 Play Time 03:15:27 Cumulative 43.5 hours Start 2022.05.25 @ 10:24:15 End 2022.06.05 @ 21:11:41 Sessions 13 Manual Loads 0 Difficulty Rogue Special Mode None Game No. 112 Rogue 112 Adventurer 0 Explorer 0 Win Type - Total 1 Types 0/0/0/1/0/0/0/0/0 Lore% 54 Gallery% 60 Achievement% 46 Wizard Run 0 Options --------- ASCII 0 Keyboard 0 Movement Numpad Keybinds 0 Fullscreen 1 Font 14/SmallcapsGlow Map View 84x54 Tactical HUD 1 Map Filters NONE Filters NONE Steam 1 RUN: 7ad1709a-017e-4d4c-aff9-1c9193593df9